 Dungeon Crawl Stone Soup version 0.27-a0-676-gc1da3516c2 (webtiles) character file.

Game seed: 4909269336780867696

7 Dreamer the Shield-Bearer (level 2, -7/24 HPs)
             Began as a Formicid Fighter on Mar 18, 2021.
             Mangled by a gnoll
             ... wielding a +0 flail
              (14 damage)
             ... on level 1 of the Dungeon.
             The game lasted 00:00:25 (346 turns).

Dreamer the Shield-Bearer (Formicid Fighter)         Turns: 346, Time: 00:00:26

Health: -7/24      AC:  6    Str: 20    XL:     2   Next: 10%
Magic:  2/2        EV:  8    Int:  7    God:
Gold:   0          SH:  9    Dex: 10    Spells: 1/1 levels left

rFire    . . .     SeeInvis +   a - +0 flail
rCold    . . .     Faith    .   c - +0 kite shield
rNeg     . . .     Spirit   .   b - +0 scale mail
rPois    .         Reflect  .   (helmet unavailable)
rElec    .         Harm     .   (no cloak)
rCorr    .         Rampage  .   (no gloves)
Will     .....                  (no boots)
Stlth    ..........             (no amulet)
HPRegen  0.08/turn              (no ring)
MPRegen  0.08/turn              (no ring)

@: no status effects
A: permanent stasis, dig shafts and tunnels, antennae 3, four strong arms
a: Dig, Shaft Self


You were on level 1 of the Dungeon.
You visited 1 branch of the dungeon, and saw 1 of its levels.

Inventory:

Hand Weapons
 a - a +0 flail (weapon)
Armour
 b - a +0 scale mail (worn)
 c - a +0 kite shield (worn)
Potions
 d - a potion of might


   Skills:
 + Level 3.3 Fighting
 + Level 2.0 Maces & Flails
 + Level 3.4 Armour
 + Level 0.6 Dodging
 + Level 3.8 Shields


You had one spell level left.
You didn't know any spells.
Your spell library was empty.

Dungeon Overview and Level Annotations

Branches:
Dungeon (1/15)

Altars:


Innate Abilities, Weirdness & Mutations

You cannot be hasted, slowed, berserked, paralysed or teleported.
You can dig through walls and to a lower floor.
You have a pair of large antennae on your head. (SInv)
Your four strong arms can wield two-handed weapons with a shield.


Message History

You sock the hobgoblin!
You kill the hobgoblin!
You see here a +0 club.
HP restored.
A frilled lizard comes into view.
You block the frilled lizard's attack.
You completely miss the frilled lizard.
The frilled lizard bites you but does no damage.
You barely miss the frilled lizard.
The frilled lizard barely misses you. x2
You miss the frilled lizard. You block the frilled lizard's attack.
You thump the frilled lizard!
You kill the frilled lizard!
You have reached level 2!
You see here a frilled lizard corpse.
A giant cockroach comes into view.
The giant cockroach bites you. x2
You barely miss the giant cockroach. You block the giant cockroach's attack.
You barely miss the giant cockroach. The giant cockroach barely misses you.
The giant cockroach closely misses you.
You sock the giant cockroach!
You kill the giant cockroach!
You sense a monster nearby.
Found a stone staircase leading down.
Found a pair of boots.
A gnoll comes into view. It is wielding a +0 flail.
The gnoll hits you but does no damage.
You barely miss the gnoll. The gnoll barely misses you.
You block the gnoll's attack.
You hit the gnoll.
The gnoll is lightly wounded.
The gnoll hits you with a +0 flail.
You closely miss the gnoll.
The gnoll is lightly wounded.
The gnoll hits you with a +0 flail. The gnoll hits you with a +0 flail!
* * * LOW HITPOINT WARNING * * *
You sock the gnoll!
The gnoll is severely wounded.
The gnoll hits you with a +0 flail!
Ouch! That really hurt!
You die...

##### .....#
..>...#
#...##########
#g@.......#
.......########.#
.[....# #.#
#..... #.# .....
#.# ..... #.# ..
##.# #.# .. #+
####.##### .
#........# #


You could see a gnoll.

Vanquished Creatures
  A dart slug (D:1)
  A giant cockroach (D:1)
  2 hobgoblins (D:1)
  A frilled lizard (D:1)
5 creatures vanquished.

Notes
Turn   | Place    | Note
-------+----------+-------------------------------------------
     0 | D:1      | Dreamer the Formicid Fighter began the quest for the Orb.
     0 | D:1      | Reached XP level 1. HP: 18/18 MP: 1/1
   260 | D:1      | Reached XP level 2. HP: 24/24 MP: 2/2
   346 | D:1      | Mangled by a gnoll

Illustrated notes

Levels and vault maps discovered:
D:1:      amcnicky_arrival_gap_in_the_tavern_cellar, layout_loops_corners

Action                   || total
-------------------------++-------
Melee: Flail             ||    24
Armor: Scale mail        ||     3
Dodge: Dodged            ||    13
Block: Kite shield       ||    10

Table legend: (Time is in decaauts)
 A = Elapsed time spent in this place.
 B = Non-inter-level travel time spent in this place.
 C = Inter-level travel time spent in this place.
 D = Time resting spent in this place.
 E = Time spent auto-exploring this place.
 F = Levels seen in this place.
 G = Mean time per level.
                   A        B        C        D        E       F      G
               +--------+--------+--------+--------+--------+-----+--------+
         Total |    357 |    357 |      0 |      0 |    294 |   1 |  357.0 |
       Dungeon |    357 |    357 |      0 |      0 |    294 |   1 |  357.0 |
               +--------+--------+--------+--------+--------+-----+--------+

Top non-repeatable levels by time:
     D:1: 357 daAuts
